 Dungeon Crawl Stone Soup version 0.26-a0-505-g732bf3b8d2 (webtiles) character file.

Game seed: 11565582446203967037

1160 ANON1729 the Covert (level 8, -3/48 HPs)
             Began as a Kobold Brigand on Aug 9, 2020.
             Was an Initiate of Wu Jian.
             Slain by an orc wizard
             ... wielding a +0 quarterstaff
              (10 damage)
             ... on level 4 of the Dungeon.
             The game lasted 00:08:00 (4182 turns).

ANON1729 the Covert (Kobold Brigand)                Turns: 4182, Time: 00:08:01

Health: -3/48      AC:  5    Str: 14    XL:     8   Next: 66%
Magic:  2/2        EV: 18    Int: 12    God:    Wu Jian [......]
Gold:   150        SH:  0    Dex: 19    Spells: 7/7 levels left

rFire    + . .     SeeInvis .   r - +3 dagger (antimagic)
rCold    . . .     Faith    .   (shield restricted)
rNeg     . . .     Spirit   .   t - +2 robe {rF+}
rPois    .         Reflect  .   (no helmet)
rElec    .         Harm     .   c - +0 cloak
rCorr    .                      (no gloves)
MR       .....                  (no boots)
Stlth    +++++.....             (no amulet)
HPRegen  0.16/turn              m - +6 ring of strength
MPRegen  0.08/turn              y - +4 ring of slaying

@: no status effects
A: small, nightstalker 3
a: Renounce Religion


You were on level 4 of the Dungeon.
You worshipped Wu Jian.
Wu Jian was noncommittal.
You visited 2 branches of the dungeon, and saw 5 of its levels.
You also visited: Sewer.

You collected 150 gold pieces.

Inventory:

Hand Weapons
 a - a +2 dagger
 r - a +3 antimagic dagger (weapon)
Missiles
 d - 59 poisoned darts
 e - 9 curare-tipped darts (quivered)
Armour
 c - a +0 cloak (worn)
 t - a +2 robe of fire resistance (worn)
 w - a +0 troll leather armour {Purgy}
Jewellery
 m - a +6 ring of strength (left hand)
 p - a +6 ring of intelligence
 y - a +4 ring of slaying (right hand)
 D - an uncursed ring of stealth {unknown}
Scrolls
 f - a scroll of enchant armour {unknown}
 j - a scroll of amnesia {unknown}
 l - a scroll of fog
 o - 2 scrolls of teleportation
 z - 2 scrolls of blinking
 C - a scroll of identify
 E - a scroll of random uselessness {unknown}
Potions
 b - 2 potions of berserk rage {unknown}
 g - 2 potions of brilliance {unknown}
 h - a potion of lignification {unknown}
 i - 3 potions of heal wounds {unknown}
 k - 3 potions of curing {unknown}
 n - 3 potions of stabbing {unknown}
 q - 2 potions of resistance {unknown}
 s - a potion of mutation {unknown}
 u - a potion of cancellation {unknown}
 v - a potion of flight {unknown}
 x - 3 potions of might {unknown}
 A - 3 potions of magic {unknown}
 B - a potion of ambrosia {unknown}
 F - a potion of invisibility {unknown}


   Skills:
 + Level 4.7 Fighting
 * Level 6.9 Short Blades
 + Level 4.7 Throwing
 + Level 4.7 Dodging
 * Level 8.9 Stealth


You had 7 spell levels left.
You didn't know any spells.
Your spell library contained the following spells:

 Spells                   Type           Power        Failure   Level
 Magic Dart               Conj           #...         32%         1
 Blink                    Tloc           N/A          45%         2
 Call Imp                 Summ           #.......     45%         2
 Slow                     Hex            #.......     45%         2
 Conjure Flame            Conj/Fire      #.......     69%         3
 Mephitic Cloud           Conj/Pois/Air  #.......     69%         3


Dungeon Overview and Level Annotations

Branches:
Dungeon (4/15)             Temple (1/1) D:4           Sewer (visited)

Altars:
Ashenzari
Cheibriados
Dithmenos
Elyvilon
Fedhas
Gozag
Kikubaaqudgha
Makhleb
Nemelex Xobeh
Okawaru
Qazlal
Ru
Sif Muna
Trog
Uskayaw
Vehumet
Wu Jian
Xom
Yredelemnul
The Shining One

Annotations:
D:3 1 runed translucent door, ANON1729's ghost, amateur KoBr


Innate Abilities, Weirdness & Mutations

You are small and have problems with some larger weapons.
You are completely attuned to the shadows.


Message History

* * * LOW HITPOINT WARNING * * *
Okay, then.
You hit the orc priest.
You kill the orc priest!
The Council accepts your kill. The orc completely misses you.
The orc wizard gestures at you while chanting.
The magic dart hits you.
* * * LOW HITPOINT WARNING * * *
Okay, then.
The orc throws a boomerang.
The boomerang completely misses you.
The weapon returns to the orc!
Okay, then.
You barely miss the orc wizard.
Okay, then.
You hit the orc wizard.
The orc wizard's magic leaks into the air.
The orc wizard is lightly wounded.
The orc wizard hits you with a +0 quarterstaff!
You die...

.......###...........#......##
........###......#......#....##
#................#....#.#.....#
#.......##.........#####....###
........#...........#..###..#
...#....#####...)#>......####
...###.###.....o.##.###...#
..####..#......o###..###..#
..###........#..@##.###...#
.......#...####.....###...#
.......##..## ##.........##
............###...........# ###
.........#.##........####.## ##..
.........#.................###...
........#........................
###...#.##.......................
#(..........÷....†.........O.<.##


You could see an orc wizard and an orc.

Vanquished Creatures
  Pikel (D:4)
  Eustachio (D:4)
  Purgy (Sewer)
  An ogre (D:4)
  2 scorpions (D:4)
  A bullfrog zombie (D:3)
  An orc priest (D:4)
  Jessica (D:2)
  7 adders
  2 river rats (D:3)
  2 oozes
  An adder skeleton (D:2)
  3 worms
  A dart slug (D:3)
  2 leopard geckos (D:3)
  4 orcs
  6 bats
  3 giant cockroaches
  9 goblins
  6 hobgoblins
  2 jackals (D:4)
  A quokka (D:2)
  4 ball pythons
  8 frilled lizards
  7 kobolds
  A quokka skeleton (D:4)
  12 rats
90 creatures vanquished.

Vanquished Creatures (others)
  A withered plant (D:3)
1 creature vanquished.

Grand Total: 91 creatures vanquished

Notes
Turn   | Place    | Note
-------+----------+-------------------------------------------
     0 | D:1      | ANON1729 the Kobold Brigand began the quest for the Orb.
     0 | D:1      | Reached XP level 1. HP: 12/12 MP: 1/1
   149 | D:1      | Reached XP level 2. HP: 18/18 MP: 2/2
   434 | D:1      | Reached XP level 3. HP: 22/22 MP: 3/3
   935 | D:2      | Noticed Jessica
   938 | D:2      | Killed Jessica
   938 | D:2      | Reached XP level 4. HP: 27/27 MP: 4/4
  1684 | D:3      | Reached skill level 6 in Stealth
  1684 | D:3      | Reached XP level 5. HP: 28/32 MP: 1/5
  2084 | D:3      | Reached XP level 6. HP: 16/37 MP: 2/6
  2088 | D:3      | Found a glowing drain.
  2125 | Sewer    | Entered a sewer
  2304 | Sewer    | Noticed Purgy
  2308 | Sewer    | Killed Purgy
  2510 | D:3      | Found a runed translucent door.
  2511 | D:3      | Noticed ANON1729's ghost (amateur KoBr)
  2830 | D:4      | Noticed Eustachio
  2852 | D:4      | Killed Eustachio
  2852 | D:4      | Reached skill level 5 in Short Blades
  2852 | D:4      | Reached skill level 7 in Stealth
  2852 | D:4      | Reached XP level 7. HP: 29/42 MP: 2/7
  3045 | D:4      | Found a staircase to the Ecumenical Temple.
  3129 | Temple   | Entered the Ecumenical Temple
  3392 | Temple   | Became a worshipper of the Wu Jian Council
  3436 | D:4      | Noticed Pikel
  3461 | D:4      | Killed Pikel
  3461 | D:4      | Reached skill level 8 in Stealth
  3461 | D:4      | Reached XP level 8. HP: 36/48 MP: 2/8
  4018 | D:4      | Found a blossoming altar of Fedhas.
  4142 | D:4      | Found a stormy altar of Qazlal.
  4182 | D:4      | Slain by an orc wizard

Illustrated notes

Levels and vault maps discovered:
D:1:      tarquinn_simple_flora_water_b, layout_rooms, chequers_mini_garden
D:2:      layout_loops_ring, uniq_jessica
D:3:      layout_loops_ring, gammafunk_ghost_grave, portal_sewer_entry_e
D:4:      layout_cave_pools, grunt_temple_overflow_forces_of_nature,
          minmay_temple_entry_nine_rooms, uniq_eustachio, uniq_pikel
Temple:   regret_index_temple_mists

Skill      XL: |  1  2  3  4  5  6  7 |
---------------+----------------------+-----
Short Blades   | 3 4 5 6 |  6.9
Dodging        | 2 3 4 |  4.7
Fighting       | 3 4 |  4.7
Throwing       | 3 4 |  4.7
Stealth        | 6 7 8 |  8.9

Action                   |  1- 3 |  4- 6 |  7- 9 || total
-------------------------+-------+-------+-------++-------
Melee: Dagger            |    62 |   134 |    57 ||   253
Throw: Dart              |       |       |     1 ||     1
Invok: Lunge             |       |       |     3 ||     3
  Use: Scroll            |       |     3 |       ||     3
 Stab: Sleeping          |    17 |    20 |     4 ||    41
       Distracted        |       |     1 |     1 ||     2
Armor: Robe              |     8 |    22 |     2 ||    32
Dodge: Dodged            |    28 |    82 |    20 ||   130

Table legend: (Time is in decaauts)
 A = Elapsed time spent in this place.
 B = Non-inter-level travel time spent in this place.
 C = Inter-level travel time spent in this place.
 D = Time resting spent in this place.
 E = Time spent auto-exploring this place.
 F = Levels seen in this place.
 G = Mean time per level.
                   A        B        C        D        E       F      G
               +--------+--------+--------+--------+--------+-----+--------+
         Total |   4245 |   3967 |    278 |   1026 |   2293 |   6 |  707.5 |
       Dungeon |   3562 |   3332 |    230 |    897 |   1929 |   4 |  890.5 |
        Temple |    357 |    310 |     47 |      0 |    306 |   1 |  357.0 |
         Sewer |    326 |    326 |      0 |    129 |     57 |   1 |  326.0 |
               +--------+--------+--------+--------+--------+-----+--------+

Top non-repeatable levels by time:
     D:2: 1193 daAuts
     D:3: 1114 daAuts
     D:4: 804 daAuts
     D:1: 449 daAuts
  Temple: 357 daAuts
   Sewer: 326 daAuts
